 Dungeon Crawl Stone Soup version 0.20.1-1-g8b1a95d (webtiles) character file.

70 GenChuck the Charmwright (level 4, -2/33 HPs)
             Began as a Vampire Skald on Nov 6, 2017.
             Slain by Sigmund
             ... wielding a +1 scythe of venom
              (4 damage)
             ... on level 2 of the Dungeon.
             The game lasted 00:18:39 (2276 turns).

GenChuck the Charmwright (Vampire Skald)            Turns: 2276, Time: 00:18:40

Health: -2/33      AC:  4    Str: 11    XL:     4   Next: 4%
Magic:  0/7        EV: 13    Int: 15    God:
Gold:   62         SH:  0    Dex: 15    Spells: 4/7 levels left

rFire    . . .     SeeInvis +   a - +1 falchion
rCold    + + .     Gourm    .   (no shield)
rNeg     + + .     Faith    .   b - +1 leather armour
rPois    +         Spirit   .   (no helmet)
rElec    .         Reflect  .   (no cloak)
rCorr    .         Harm     .   (no gloves)
MR       .....                  (no boots)
Stlth    ++........             (no amulet)
Regen    0.1/turn               (no ring)
MPRegen  0.1/turn               (no ring)

@: regenerating slowly
A: fangs 3, see invisible, agile 1, cold resistance 1, unbreathing
a: Bat Form


You were on level 2 of the Dungeon.
You were very thirsty.

You visited 1 branch of the dungeon, and saw 3 of its levels.

You collected 62 gold pieces.

Inventory:

Hand Weapons
 a - a +1 falchion (weapon)
Armour
 b - a +1 leather armour (worn)
Scrolls
 n - 3 scrolls of identify
 o - 2 scrolls of remove curse
Potions
 d - 19 potions of blood
 f - a potion of curing
Books
 c - a book of Battle

   Spells                             Type                      Level
   a - Infusion                       Charms                       1
   b - Shroud of Golubria             Charms/Translocation         2
   c - Song of Slaying                Charms                       2
   d - Spectral Weapon                Hexes/Charms                 3
   e - Regeneration                   Charms/Necromancy            3


   Skills:
 + Level 2.1 Fighting
 * Level 2.7 Long Blades
 + Level 1.0 Armour
 * Level 2.9 Dodging
 + Level 0.4 Stealth
 + Level 2.2 Spellcasting
 + Level 3.7 Charms
 + Level 0.1 Translocations


You had 4 spell levels left.
You knew the following spells:

 Your Spells              Type           Power        Failure   Level  Hunger
a - Infusion              Chrm           ##..         6%          1    #......
b - Shroud of Golubria    Chrm/Tloc      #.........   19%         2    ###....


Dungeon Overview and Level Annotations

Branches:
Dungeon (3/15)

Altars:

Annotations:
D:2 Sigmund


Innate Abilities, Weirdness & Mutations

You heal slowly.
You have razor-sharp teeth.
You have supernaturally acute eyesight. (SInv)
You can survive without breathing.
You are agile. (Dex +2)
Your flesh is cold resistant. (rC+)


Message History

Sigmund gestures at you while chanting. The puff of flame misses you.
Sigmund barely misses you.
Your magical infusion is running out.
You barely miss Sigmund.
Sigmund zaps a wand.
The puff of flame hits you! Sigmund barely misses you.
You hit Sigmund.
Sigmund is lightly wounded.
You barely miss Sigmund.
Sigmund is lightly wounded.
Sigmund hits you with a scythe of venom.
You hit Sigmund!
Sigmund is heavily wounded.
Sigmund hits you with a scythe of venom!
* * * LOW HITPOINT WARNING * * *
You hit Sigmund.
Sigmund is heavily wounded.
You are no longer magically infusing your attacks.
Sigmund hits you with a scythe of venom.
You die...

#.# # #.# .# ####### #.# .#
####....... #.#### ######.#
#.......[.. #.#..
......###.#...##### #.#.#
##...........#.....# ##.#.#
##.....####.#...###.>
#....####....................
#..†.....†..@@.........####.#
#....####........##.#..# #.
####.# ##.....#.#..#..# #.#
#.# #....## #.##..# #. #>#
#.#.## #.##..###### #.# #.###
#.#.......<# #.# #.#
#..##.##.. #.# #.#
#..#####.#@. #.. .#..


You could see Sigmund (invisible).

Vanquished Creatures
  A gnoll (D:1)
  3 dart slugs
  A leopard gecko (D:2)
  7 bats
  3 giant cockroaches
  6 goblins (D:1)
  6 hobgoblins
  6 jackals (D:1)
  6 kobolds
  A quokka (D:2)
  A ball python (D:1)
  4 frilled lizards
  4 rats
49 creatures vanquished.

Notes
Turn   | Place    | Note
-------+----------+-------------------------------------------
     0 | D:1      | GenChuck the Vampire Skald began the quest for the Orb.
     0 | D:1      | Reached XP level 1. HP: 16/16 MP: 3/3
   229 | D:1      | Reached XP level 2. HP: 22/22 MP: 0/5
   345 | D:1      | Reached skill level 1 in Armour
   558 | D:1      | Learned a level 2 spell: Shroud of Golubria
   609 | D:1      | Reached XP level 3. HP: 27/27 MP: 2/6
  1437 | D:1      | You fall through a shaft!
  1802 | D:1      | Gained mutation: Your flesh is cold resistant. (rC+) [potion of mutation]
  1802 | D:1      | Gained mutation: You are agile. (Dex +2) [potion of mutation]
  2022 | D:2      | Noticed Sigmund
  2109 | D:2      | Learned a level 2 spell: Shroud of Golubria
  2258 | D:2      | Reached XP level 4. HP: 32/33 MP: 3/7
  2276 | D:2      | Slain by Sigmund

Skill      XL: |  1  2 |
---------------+-------+-----
Fighting       | 2 |  2.1
Armour         | 1 |  1.0
Long Blades    | |  2.7
Dodging        | |  2.9
Stealth        | |  0.4
Spellcasting   | |  2.2
Charms         | |  3.7
Translocations | |  0.1

Action                   |  1- 3 |  4- 6 || total
-------------------------+-------+-------++-------
Melee: Falchion          |   119 |     9 ||   128
       Bite              |    12 |       ||    12
 Cast: Infusion          |    20 |       ||    20
       Shroud of Golubri |     2 |       ||     2
  Use: Potion            |     8 |       ||     8
       Scroll            |     7 |       ||     7
 Stab: Sleeping          |     1 |       ||     1
Armor: Leather armour    |    32 |     2 ||    34
Dodge: Dodged            |    98 |     5 ||   103
       Rpst.: Falchion   |    28 |       ||    28
